[Event "Titled Tuesday Blitz December 13 Late 2022"]
[White "Chlpik, Martin"]
[Black "Gutkin, Ilya"]
[WhiteFideId "14923351"]
[BlackFideId "16203470"]
[WhiteElo "2109"]
[BlackElo "2265"]
[Result "1-0"]
[Round "02"]
[TimeControl "180+1"]
[Date "2022.12.14"]
[WhiteClock "0:00:12"]
[BlackClock "0:00:13"]

1. d4 e6 2. c4 b6 3. Nc3 Bb7 4. e4 Bb4 5. Bd3 f5 6. exf5 Bxg2 7. Qh5+ Kf8 8. Ne2 Nf6 9. Qh4 Bxh1 10. Nf4 Kg8 11. Bd2 Bf3 12. Qg3 Bb7 13. O-O-O Nc6 14. Rg1 Bf8 15. fxe6 Nxd4 16. Ncd5 dxe6 17. Bc3 c5 18. Nxe6 Nxe6 19. Nxf6+ Kf7 20. Bg6+ hxg6 21. Qxg6+ Ke7 22. Re1 Qd6 23. Be5 Qd8 24. Bc7 Qxc7 25. Ng8+ Rxg8 26. Qxe6+ Kd8 27. Qe8# 1-0


[Site "https://www.chess.com"]

[Event "Titled Tuesday Blitz December 13 Late 2022"]
[White "Crevatin, Leo"]
[Black "Urazayev, Arystanbek"]
[WhiteFideId "1726307"]
[BlackFideId "13709810"]
[WhiteElo "2523"]
[BlackElo "2763"]
[Result "1-0"]
[Round "02"]
[TimeControl "180+1"]
[Date "2022.12.14"]
[WhiteClock "0:00:18"]
[BlackClock "0:00:03"]

1. d4 Nf6 2. Bf4 g6 3. e3 Bg7 4. Nf3 O-O 5. Be2 d6 6. h3 c5 7. O-O Nc6 8. c3 cxd4 9. exd4 Nd5 10. Bh2 e5 11. Re1 exd4 12. cxd4 Re8 13. Nc3 Nxc3 14. bxc3 d5 15. Bb5 Bd7 16. Qb3 a6 17. Bd3 b5 18. Qxd5 Na5 19. Rxe8+ Qxe8 20. Re1 Be6 21. Qe4 Qd8 22. Bc7 Qxc7 23. Qxa8+ Bf8 24. d5 Bd7 25. Qxa6 Nc4 26. Bxc4 bxc4 27. Ne5 Bf5 28. Qxc4 Qb6 29. Nc6 Bc5 30. Qf4 Kg7 31. Nd4 Bd7 32. Nb3 f6 33. Nxc5 Qxc5 34. Qd4 Qa3 35. c4 g5 36. c5 Kg6 37. c6 Bc8 38. d6 Qa5 39. Rd1 Bf5 40. d7 Qd8 41. c7 Qxc7 42. d8=Q Qc6 43. a4 h5 44. a5 g4 45. hxg4 hxg4 46. Qg8+ Kh5 47. Qf4 Qb5 48. Qh8+ Kg6 49. Qfh6+ Kf7 50. Q6xf6# 1-0


[Site "https://www.chess.com"]

[Event "Titled Tuesday Blitz December 13 Late 2022"]
[White "Curtis, John"]
[Black "Banzea, Alexandru-Bogdan"]
[WhiteFideId "3200256"]
[BlackFideId "1232622"]
[WhiteElo "2203"]
[BlackElo "2294"]
[Result "1-0"]
[Round "02"]
[TimeControl "180+1"]
[Date "2022.12.14"]
[WhiteClock "0:02:24"]
[BlackClock "0:01:41"]

1. e4 c6 2. d4 d5 3. exd5 cxd5 4. c4 Nf6 5. Nc3 Nc6 6. cxd5 Nxd5 7. Nf3 g6 8. Bc4 Be6 9. Qb3 Na5 10. Qb5+ Bd7 11. Qxd5 e6 12. Qe5 f6 13. Qe2 1-0


[Site "https://www.chess.com"]

[Event "Titled Tuesday Blitz December 13 Late 2022"]
[White "Danielyan, Vahe"]
[Black "Antonova, Nadezhda"]
[WhiteFideId "13304828"]
[BlackFideId "14700182"]
[WhiteElo "2423"]
[BlackElo "1814"]
[Result "1/2-1/2"]
[Round "02"]
[TimeControl "180+1"]
[Date "2022.12.14"]
[WhiteClock "0:00:12"]
[BlackClock "0:00:02"]

1. d4 Nf6 2. Nc3 d5 3. Bf4 g6 4. e3 Bg7 5. Be2 O-O 6. h4 h6 7. Nf3 c5 8. dxc5 Nc6 9. O-O e6 10. Nd4 Nd7 11. Nxc6 bxc6 12. Bd6 Re8 13. e4 Qxh4 14. g3 Qd8 15. Bf3 Ba6 16. Re1 Qa5 17. e5 Nxc5 18. a3 Nd7 19. b4 Qd8 20. Ne2 Nxe5 21. Bxe5 Bxe5 22. Nd4 Qf6 23. c3 Rac8 24. Qa4 Bxd4 25. cxd4 Bb5 26. Qd1 Bc4 27. Kg2 a5 28. bxa5 Ra8 29. Qd2 Ra6 30. Rab1 Kg7 31. Rb7 Rea8 32. Bg4 Qg5 33. Qxg5 hxg5 34. Bxe6 Rf8 35. Re3 Rxa5 36. Bd7 Rfa8 37. Bxc6 Rxa3 38. Ree7 Rf8 39. Bd7 Kf6 40. Bg4 Kg7 41. Be6 Kf6 42. Bxf7 Ra2 43. Be8 Bd3 44. Bf7 Be4+ 45. Kf1 Bf3 46. Re6+ Kg7 47. Bxg6+ Kh8 48. Bb1 Ra1 49. Rh6+ Kg8 50. Rg6+ Kh8 51. Rxg5 Be4 52. Rh5+ Kg8 53. Rg5+ Kh8 54. Ke2 Rxb1 55. Rxb1 Bxb1 56. Rxd5 Kg7 57. Re5 Bg6 58. Ke3 Rf7 59. f4 Rd7 60. d5 Ra7 61. g4 Ra3+ 62. Kf2 Ra2+ 63. Kg3 Ra3+ 64. Kh4 Ra1 65. Kg5 Rf1 66. Re7+ Bf7 67. d6 Kf8 68. f5 Rd1 69. Ra7 Rxd6 70. Ra8+ Be8 71. Ra1 Rd4 72. Rh1 Kg7 73. f6+ Kg8 74. Re1 Bd7 75. Re7 Rxg4+ 76. Kh6 Rf4 77. Kg6 Rg4+ 78. Kh6 Rf4 79. Rg7+ Kf8 80. Rxd7 Rxf6+ 81. Kg5 Re6 82. Rd8+ Re8 83. Rxe8+ Kxe8 1/2-1/2


[Site "https://www.chess.com"]

[Event "Titled Tuesday Blitz December 13 Late 2022"]
[White "De VJunior, Liduino Furtado"]
[Black "Bettalli, Francesco"]
[WhiteFideId "2109913"]
[BlackFideId "2816453"]
[WhiteElo "2050"]
[BlackElo "2216"]
[Result "0-1"]
[Round "02"]
[TimeControl "180+1"]
[Date "2022.12.14"]
[WhiteClock "0:00:28"]
[BlackClock "0:02:02"]

1. e4 e5 2. Nf3 Nf6 3. Nxe5 Nc6 4. Nxc6 dxc6 5. Nc3 Bc5 6. Be2 h5 7. O-O Ng4 8. d4 Bxd4 9. Bf4 Be6 10. h3 Ne5 11. Qe1 Ng6 12. Bh2 Qf6 13. Rd1 O-O-O 14. Kh1 Nf4 15. Bf3 Nxh3 16. e5 Qf5 17. Be4 Nxf2+ 18. Rxf2 Qxf2 19. Qxf2 Bxf2 20. Rf1 Bd4 21. Ne2 Bxb2 22. Rb1 Bd4 23. a4 Bc4 24. Nxd4 Rxd4 25. Bf3 Bd5 26. Be2 Rd2 27. Re1 h4 28. Bf4 Rxc2 29. Kh2 h3 30. g3 Bf3 0-1


[Site "https://www.chess.com"]

[Event "Titled Tuesday Blitz December 13 Late 2022"]
[White "Deac, Bogdan-Daniel"]
[Black "Oro, Faustino"]
[WhiteFideId "1226380"]
[BlackFideId "20000197"]
[WhiteElo "2649"]
[BlackElo "1984"]
[Result "1-0"]
[Round "02"]
[TimeControl "180+1"]
[Date "2022.12.13"]
[WhiteClock "0:00:05"]
[BlackClock "0:00:03"]

1. b3 d5 2. Bb2 Nf6 3. e3 c5 4. Nf3 Nc6 5. Bb5 Bd7 6. O-O g6 7. Bxf6 exf6 8. Nc3 Be6 9. Bxc6+ bxc6 10. Na4 Bd6 11. d3 O-O 12. c4 Qe7 13. Rc1 Rac8 14. h3 Rfd8 15. Re1 Rd7 16. Qe2 Rcd8 17. e4 dxc4 18. dxc4 Bf4 19. Rcd1 Kg7 20. Rxd7 Rxd7 21. e5 f5 22. h4 h5 23. Rd1 Bh6 24. Rxd7 Bxd7 25. Qd3 Bf4 26. g3 Bc1 27. Qd6 Qe8 28. Nxc5 Bc8 29. Ng5 Bb2 30. f4 Kg8 31. Nd3 Bc3 32. Kf1 Ba6 33. Nc5 Bc8 34. e6 f6 35. Nf3 Bb4 36. Nd4 Bxc5 37. Qxc5 Bxe6 38. Qxc6 Bd7 39. Qd5+ Kh7 40. Kf2 Bc8 41. c5 Qe7 42. b4 Bb7 43. c6 Bc8 44. Qc5 Qe4 45. Qxa7+ Kh6 46. Qc5 Kh7 47. b5 Qd3 48. Nf3 Kh6 49. b6 Qd8 50. b7 Be6 51. c7 1-0


[Site "https://www.chess.com"]

[Event "Titled Tuesday Blitz December 13 Late 2022"]
[White "Donskov, Anatoly"]
[Black "Dias, Joao Batista"]
[WhiteFideId "24143413"]
[BlackFideId "2108240"]
[WhiteElo "2219"]
[BlackElo "1898"]
[Result "1-0"]
[Round "02"]
[TimeControl "180+1"]
[Date "2022.12.14"]
[WhiteClock "0:02:27"]
[BlackClock "0:00:43"]

1. d4 d5 2. Nf3 Nf6 3. Bf4 g6 4. Nc3 Bg7 5. Nb5 Na6 6. e3 c6 7. Nc3 Nc7 8. h3 O-O 9. Be2 Re8 10. O-O Ne4 11. Nxe4 dxe4 12. Nd2 f5 13. Nc4 Kh8 14. Ne5 Rf8 15. Bh2 e6 16. c4 Ne8 17. b4 Nf6 18. a4 Bd7 19. b5 Be8 20. Qb3 Qe7 21. bxc6 bxc6 22. Rab1 a5 23. Qb7 Ra7 24. Qxe7 Rxe7 25. Rb6 Rc7 26. Rfb1 Nd7 27. Nxd7 Rxd7 28. c5 Ra7 29. Bc4 Bd7 30. Bd6 Rfa8 31. Rb8+ Be8 32. Bxe6 Bf6 33. Rxa8 Rxa8 34. Rb7 1-0


[Site "https://www.chess.com"]

[Event "Titled Tuesday Blitz December 13 Late 2022"]
[White "Dudzinski, Pawel"]
[Black "Zhu, Jiner"]
[WhiteFideId "1117890"]
[BlackFideId "8608059"]
[WhiteElo "2099"]
[BlackElo "2384"]
[Result "0-1"]
[Round "02"]
[TimeControl "180+1"]
[Date "2022.12.14"]
[WhiteClock "0:00:05"]
[BlackClock "0:00:16"]

1. e4 g6 2. c4 Bg7 3. Nc3 d6 4. g3 Nf6 5. Bg2 e5 6. Nge2 Nc6 7. d3 O-O 8. O-O Be6 9. f4 exf4 10. Nxf4 Bd7 11. Nfd5 Nxd5 12. Nxd5 Nd4 13. Be3 c6 14. Nc3 Qe7 15. h3 h5 16. Ne2 Nxe2+ 17. Qxe2 c5 18. Qd2 Bc6 19. Rae1 Qe5 20. Bf4 Qxb2 21. Qxb2 Bxb2 22. Bxd6 Bd4+ 23. Kh2 Rfd8 24. Bf4 Bc3 25. Rd1 Ba4 26. Rb1 b6 27. Rf3 Rd7 28. Bf1 Re8 29. Rc1 Bb2 30. Rb1 Bg7 31. Rc1 Bc6 32. Rf2 Bd4 33. Re2 Kg7 34. Bd2 Be5 35. Rf2 Bd4 36. Bc3 Bxc3 37. Rxc3 Re5 38. Ra3 Rde7 39. Kg1 f5 40. exf5 gxf5 41. Bg2 Re1+ 42. Rf1 Bxg2 43. Rxe1 Rxe1+ 44. Kxg2 Re7 45. Kf3 Kf6 46. Kf4 Rd7 47. Ke3 Ke5 48. Rb3 Rg7 49. Kf3 Rf7 50. Rb1 Kd4 51. Rd1 Kc3 52. Kf4 Kc2 53. Re1 Kxd3 54. Re6 Kxc4 55. Rh6 Kd3 56. Rd6+ Kc3 57. Kg5 c4 58. Kxh5 Rh7+ 59. Kg5 Rxh3 60. Kf4 Kb2 61. Rh6 Rxh6 0-1


[Site "https://www.chess.com"]

[Event "Titled Tuesday Blitz December 13 Late 2022"]
[White "Eisa Mohmood, Alkhoori"]
[Black "Reprintsev, Alexander"]
[WhiteFideId "9316116"]
[BlackFideId "14100541"]
[WhiteElo "1245"]
[BlackElo "2230"]
[Result "0-1"]
[Round "02"]
[TimeControl "180+1"]
[Date "2022.12.14"]
[WhiteClock "0:00:01"]
[BlackClock "0:00:30"]

1. e4 d5 2. exd5 Qxd5 3. Nc3 Qa5 4. d4 Nf6 5. Nf3 Nc6 6. d5 Nb4 7. Bc4 e6 8. dxe6 Bxe6 9. Bxe6 fxe6 10. Qe2 O-O-O 11. O-O Qf5 12. Nb5 Bc5 13. Be3 Qxc2 14. Qxc2 Nxc2 15. Bxc5 Nxa1 16. Rxa1 Rd5 17. Nxa7+ Kb8 18. Be3 Rhd8 19. h3 Rd1+ 20. Rxd1 Rxd1+ 21. Kh2 c6 22. Ne5 Kc7 23. Nc4 Nd7 24. b4 e5 25. f4 exf4 26. Bxf4+ Kd8 27. Na5 Rd4 28. Nxb7+ Ke8 29. Nd6+ Kf8 30. Kg3 Rxb4 31. Nxc6 Ra4 32. Ne5 Nf6 33. Nf5 Nh5+ 34. Kg4 Nxf4 35. Nd7+ Ke8 36. Nc5 Rc4 37. Nd6+ Ke7 38. Nxc4 Nxg2 39. Kg3 Ne1 40. Kf2 Nc2 41. Ne5 Kd6 42. Ned3 Kd5 43. Nd7 g5 44. Nf6+ Kd4 45. Ke2 h6 46. a4 Kc4 47. Ng8 h5 48. Nf6 Nd4+ 49. Ke3 Nf5+ 50. Ke4 Nd6+ 51. Ke5 Nf7+ 52. Ke6 Nd8+ 53. Kd7 Nb7 54. Ne5+ Kb4 55. Nxh5 Kxa4 56. Nd3 Kb5 57. Ke6 Kc4 58. Ne5+ Kd4 59. Kf5 Nd6+ 60. Ke6 Ne4 61. Nf3+ Ke3 0-1


[Site "https://www.chess.com"]

[Event "Titled Tuesday Blitz December 13 Late 2022"]
[White "Estrada Nieto, Julian"]
[Black "Pakleza, Zbigniew"]
[WhiteFideId "5101018"]
[BlackFideId "1119290"]
[WhiteElo "2526"]
[BlackElo "2772"]
[Result "1/2-1/2"]
[Round "02"]
[TimeControl "180+1"]
[Date "2022.12.14"]
[WhiteClock "0:00:12"]
[BlackClock "0:00:11"]

1. e4 d6 2. d4 Nf6 3. Nc3 c6 4. Nf3 Bg4 5. Be2 e6 6. O-O d5 7. exd5 cxd5 8. Ne5 Bxe2 9. Qxe2 Nc6 10. Nxc6 bxc6 11. Bg5 Qb6 12. Bxf6 gxf6 13. Qd3 Qxb2 14. Rab1 Qa3 15. Rb3 Qa5 16. Rfb1 Bd6 17. Qf3 f5 18. Qh5 Bc7 19. Qg5 Bb6 20. Qf6 Rg8 21. Ne2 Qd2 22. Re3 f4 23. Rxe6+ fxe6 24. Qxe6+ Kf8 25. Qf6+ Ke8 26. Qe6+ Kf8 27. Qf6+ Ke8 28. Qe6+ Kf8 1/2-1/2


[Site "https://www.chess.com"]

[Event "Titled Tuesday Blitz December 13 Late 2022"]
[White "Fedoseev, Vladimir"]
[Black "Bernabeu Lopez, Carlos Javier"]
[WhiteFideId "24130737"]
[BlackFideId "2235366"]
[WhiteElo "2733"]
[BlackElo "2324"]
[Result "1-0"]
[Round "02"]
[TimeControl "180+1"]
[Date "2022.12.13"]
[WhiteClock "0:02:09"]
[BlackClock "0:01:33"]

1. e4 e5 2. Nf3 Nf6 3. Nxe5 Nxe4 4. Qe2 Qe7 5. Qxe4 d6 6. f4 f5 7. Qa4+ Bd7 8. Qb3 dxe5 9. Qxb7 exf4+ 10. Kd1 Bc6 11. Bb5 Qd7 12. Re1+ Kf7 13. Bxc6 Qxc6 14. Qb3+ Kf6 15. Nc3 Nd7 16. Nd5+ Kg5 17. d4 Bd6 18. Qg3+ Kh6 19. Bxf4+ Bxf4 20. Qh4+ Kg6 21. Ne7+ 1-0


[Site "https://www.chess.com"]

[Event "Titled Tuesday Blitz December 13 Late 2022"]
[White "Fernandez Garcia, Gumersindo"]
[Black "Thiel, Thomas"]
[WhiteFideId "24516740"]
[BlackFideId "4615964"]
[WhiteElo "2140"]
[BlackElo "2191"]
[Result "1-0"]
[Round "02"]
[TimeControl "180+1"]
[Date "2022.12.14"]
[WhiteClock "0:00:31"]
[BlackClock "0:00:18"]

1. d4 Nf6 2. Nf3 g6 3. g3 Bg7 4. Bg2 d5 5. O-O O-O 6. c4 dxc4 7. Na3 Nc6 8. Nxc4 Be6 9. Nce5 Bd5 10. Bf4 Nxe5 11. Bxe5 c6 12. Re1 Qb6 13. Qc2 Be4 14. Qb3 Rfd8 15. Nd2 Bxg2 16. Kxg2 Nd5 17. Bxg7 Kxg7 18. Qxb6 axb6 19. a3 b5 20. e4 Nb6 21. Nf3 Nc4 22. Re2 b4 23. Rc2 b5 24. a4 b3 25. Rc3 Nb6 26. Rxc6 Rxa4 27. Re1 Nc4 28. Re2 Ra2 29. Rc5 Rxb2 30. Rxb2 Nxb2 31. Rxb5 Ra8 32. Rxb3 Ra2 33. d5 Nd1 34. Ne5 Nxf2 35. Kf3 Nh3 36. Rb7 Rxh2 37. Rxe7 Ng5+ 38. Ke3 Rg2 39. d6 Rxg3+ 40. Kf4 Rg1 41. d7 Nh3+ 42. Ke3 Rd1 43. Nd3 1-0


[Site "https://www.chess.com"]

[Event "Titled Tuesday Blitz December 13 Late 2022"]
[White "Fernandez Siles, Luis"]
[Black "Domingo Nunez, Ruben"]
[WhiteFideId "2209420"]
[BlackFideId "22245570"]
[WhiteElo "2186"]
[BlackElo "2406"]
[Result "0-1"]
[Round "02"]
[TimeControl "180+1"]
[Date "2022.12.14"]
[WhiteClock "0:00:01"]
[BlackClock "0:00:37"]

1. e4 g6 2. Nc3 Bg7 3. f4 c5 4. Nf3 Nc6 5. Bb5 Nd4 6. O-O Nxb5 7. Nxb5 a6 8. Nc3 b5 9. d3 Bb7 10. Qe1 d6 11. Kh1 b4 12. Nd1 e6 13. f5 e5 14. Ne3 Ne7 15. Ng5 h6 16. f6 Bxf6 17. Rxf6 hxg5 18. Nc4 Nf5 19. Bxg5 Rh5 20. exf5 Rxg5 21. Nxd6+ Kf8 22. Rxf7+ Kg8 23. Nxb7 Qd5 24. Qe4 Qxe4 25. dxe4 Kxf7 26. fxg6+ Ke7 27. Nxc5 Rc8 28. Nd3 Rxc2 29. Rg1 a5 30. a3 b3 31. h3 Ke6 32. Kh2 Rxg6 33. h4 Rg4 0-1


[Site "https://www.chess.com"]

[Event "Titled Tuesday Blitz December 13 Late 2022"]
[White "Ferreira, Vitor Hugo Vieira"]
[Black "Lacasa Diaz, Jose Antonio"]
[WhiteFideId "2119765"]
[BlackFideId "2203375"]
[WhiteElo "2146"]
[BlackElo "2338"]
[Result "0-1"]
[Round "02"]
[TimeControl "180+1"]
[Date "2022.12.14"]
[WhiteClock "0:01:34"]
[BlackClock "0:01:05"]

1. e4 c5 2. Nf3 Nf6 3. Nc3 e6 4. d4 cxd4 5. Nxd4 d6 6. g4 e5 7. Nf5 h5 8. g5 Nxe4 9. Nxg7+ Bxg7 10. Nxe4 d5 11. Nc3 Be6 12. Bg2 e4 13. O-O Nc6 14. Ne2 h4 15. h3 Qd7 16. Nf4 O-O-O 17. c3 Be5 18. Nxe6 fxe6 19. f4 exf3 20. Qxf3 Bc7 21. Bd2 Qd6 22. Bf4 e5 23. Bh2 Kb8 24. Rad1 Qc5+ 25. Kh1 Rhf8 26. Qg4 Rxf1+ 27. Rxf1 d4 28. b4 Qxc3 29. b5 Na5 30. Qe4 d3 31. Rf7 d2 32. Rxc7 d1=Q+ 33. Bg1 Qxc7 34. Qxb7+ Nxb7 0-1


[Site "https://www.chess.com"]

[Event "Titled Tuesday Blitz December 13 Late 2022"]
[White "Galchenko, Matvey"]
[Black "Taboas Rodriguez, Daniel"]
[WhiteFideId "24175480"]
[BlackFideId "2208466"]
[WhiteElo "2850"]
[BlackElo "2579"]
[Result "0-1"]
[Round "02"]
[TimeControl "180+1"]
[Date "2022.12.14"]
[WhiteClock "0:00:54"]
[BlackClock "0:01:05"]

1. e4 e5 2. Nf3 Nc6 3. d4 exd4 4. Nxd4 Nf6 5. Nxc6 bxc6 6. e5 Qe7 7. Qe2 Nd5 8. h4 d6 9. c4 Nb4 10. Na3 Qxe5 11. Be3 Bf5 12. Qd2 d5 13. Be2 Be7 14. O-O O-O 15. Rfe1 a5 16. Bf4 Qf6 17. Bg5 Qd6 18. Bf3 Bxg5 19. Qxg5 Qg6 20. Qe7 Qd6 21. c5 Qxe7 22. Rxe7 Rfc8 23. g4 Be6 24. Re1 Kf8 25. R1xe6 fxe6 26. Rxe6 Re8 27. Rxc6 Nxc6 28. Bxd5 Nb4 0-1


[Site "https://www.chess.com"]

[Event "Titled Tuesday Blitz December 13 Late 2022"]
[White "Gardezi, Arsal"]
[Black "Garcia, Gabriel Gonzaga"]
[WhiteFideId "30949521"]
[BlackFideId "2138956"]
[WhiteElo "1906"]
[BlackElo "2240"]
[Result "1-0"]
[Round "02"]
[TimeControl "180+1"]
[Date "2022.12.14"]
[WhiteClock "0:01:28"]
[BlackClock "0:02:20"]

1. Nf3 b6 2. g3 Bb7 3. Bg2 Nf6 4. O-O g6 5. d3 Bg7 6. Nbd2 d5 7. Re1 d4 8. c3 c5 9. e4 dxe3 10. Rxe3 O-O 11. d4 cxd4 12. cxd4 Nc6 13. Nb3 Nd5 14. Re1 Rc8 15. Bg5 h6 16. Bd2 Ncb4 17. Rc1 Nd3 18. Rxc8 Qxc8 19. Re3 Nxe3 20. Bxe3 Nxb2 21. Qd2 Nc4 22. Qe2 Nxe3 23. Qxe3 Qc2 24. Bf1 Qxa2 25. Nfd2 Bd5 26. Nc1 Rc8 27. Nxa2 Bxa2 28. Qxe7 Rc1 29. Qxa7 Bxd4 30. Qxa2 1-0


[Site "https://www.chess.com"]

[Event "Titled Tuesday Blitz December 13 Late 2022"]
[White "Gasparyan, David"]
[Black "Klukin, Kirill"]
[WhiteFideId "13311980"]
[BlackFideId "24199273"]
[WhiteElo "2403"]
[BlackElo "2300"]
[Result "1/2-1/2"]
[Round "02"]
[TimeControl "180+1"]
[Date "2022.12.14"]
[WhiteClock "0:00:18"]
[BlackClock "0:00:15"]

1. e4 c5 2. Nc3 Nc6 3. Bb5 Nd4 4. Nf3 a6 5. Bd3 e6 6. O-O Ne7 7. b4 cxb4 8. Nxd4 bxc3 9. dxc3 Nc6 10. a4 Be7 11. Bb2 O-O 12. Kh1 Qc7 13. f4 Na5 14. Qe2 d6 15. e5 g6 16. c4 Bd7 17. f5 dxe5 18. fxg6 hxg6 19. Nf3 Bf6 20. Nxe5 Bg7 21. Rab1 Nc6 22. Ng4 f5 23. Ne3 e5 24. Nd5 Qd6 25. Rbd1 Rad8 26. Qd2 Be6 27. Qc3 Nd4 28. Ba3 Qd7 29. Bxf8 Rxf8 30. Qb4 Nc6 31. Qc5 Qf7 32. Be2 e4 33. Nf4 Be5 34. Nxe6 Qxe6 35. Qd5 Kf7 36. Qd7+ Qe7 37. c5 Rd8 38. Bc4+ Kf6 39. Qxe7+ Kxe7 40. Rxd8 Nxd8 41. Rd1 Ne6 42. c6 bxc6 43. Bxe6 Kxe6 44. Rb1 Bd4 45. Rb7 f4 46. g3 g5 47. gxf4 gxf4 48. Kg2 f3+ 49. Kg3 Kd5 50. Rd7+ Kc4 51. Re7 Kd5 52. c4+ Kxc4 53. Rxe4 f2 54. Kg2 Kd3 55. Re8 c5 56. h4 c4 57. h5 c3 58. h6 c2 59. Rc8 Bc3 60. Rxc3+ Kxc3 61. h7 c1=Q 62. h8=Q+ Kb4 63. Qd4+ Qc4 64. Qb2+ Kxa4 65. Kxf2 Qc5+ 66. Ke1 Qd5 67. Qc2+ Kb4 68. Qb2+ Kc5 69. Qc3+ Kb5 70. Qb2+ Kc6 71. Qc3+ Kb7 72. Qb4+ Kc7 73. Qc3+ Kd7 74. Qh3+ Kc6 75. Qc3+ Kb5 76. Qb2+ Ka4 77. Qa1+ Kb3 78. Qb1+ Kc3 79. Qc1+ Kb4 80. Qb2+ Qb3 81. Qd4+ Ka3 82. Qc5+ Qb4+ 83. Qxb4+ Kxb4 84. Kd1 Kb3 85. Kc1 Ka2 86. Kc2 a5 87. Kc1 a4 88. Kc2 a3 89. Kc1 Kb3 90. Kb1 a2+ 91. Ka1 Ka3 1/2-1/2


[Site "https://www.chess.com"]

[Event "Titled Tuesday Blitz December 13 Late 2022"]
[White "Goltsev, Dmitry"]
[Black "Itkis, Boris"]
[WhiteFideId "24176710"]
[BlackFideId "1209167"]
[WhiteElo "2327"]
[BlackElo "2216"]
[Result "1-0"]
[Round "02"]
[TimeControl "180+1"]
[Date "2022.12.14"]
[WhiteClock "0:01:30"]
[BlackClock "0:00:05"]

1. e4 e5 2. Nf3 Nc6 3. Bb5 a6 4. Ba4 d6 5. O-O Bd7 6. c3 Nge7 7. d4 Ng6 8. dxe5 dxe5 9. Nbd2 Bc5 10. Bc2 O-O 11. Nc4 Qe7 12. Ne3 Rfd8 13. Nd5 Qd6 14. Bg5 f6 15. Bd2 Be6 16. b4 Ba7 17. Qe2 Nce7 18. c4 c6 19. c5 Qd7 20. Nb6 Bxb6 21. cxb6 Bg4 22. Be3 Nh4 23. Rfd1 Bxf3 24. Qc4+ Nd5 25. exd5 cxd5 26. Qxh4 Bxd1 27. Rxd1 g5 28. Qg3 d4 29. Bd2 Qc6 30. Bb3+ Kh8 31. Bxg5 Rg8 32. Bxg8 Rxg8 33. h4 Qe6 34. Re1 fxg5 35. Rxe5 gxh4 36. Qf4 Qxb6 37. Re7 h3 38. Qe5+ 1-0


[Site "https://www.chess.com"]

[Event "Titled Tuesday Blitz December 13 Late 2022"]
[White "Goncalves, Davi Sulzbacher"]
[Black "Marchesich, Giovanni"]
[WhiteFideId "2154510"]
[BlackFideId "2824790"]
[WhiteElo "2182"]
[BlackElo "2200"]
[Result "1-0"]
[Round "02"]
[TimeControl "180+1"]
[Date "2022.12.14"]
[WhiteClock "0:01:28"]
[BlackClock "0:01:10"]

1. Nf3 Nf6 2. d4 d6 3. Bg5 Nbd7 4. e3 b6 5. Bd3 Bb7 6. O-O e5 7. Nbd2 Be7 8. e4 O-O 9. c3 Re8 10. a4 h6 11. Bh4 a5 12. Qb3 g5 13. Bg3 Bf8 14. Rfe1 Nh5 15. Nc4 Bg7 16. Rad1 Qf6 17. Ne3 Nf4 18. dxe5 dxe5 19. Bc4 Nc5 20. Qa2 Bxe4 21. Ng4 Qg6 22. Nfxe5 Bxe5 23. Bxf7+ Kg7 24. Bxg6 1-0


[Site "https://www.chess.com"]

[Event "Titled Tuesday Blitz December 13 Late 2022"]
[White "Gorodetzky, David"]
[Black "Ballester Llagaria, Luis Eduardo"]
[WhiteFideId "2813416"]
[BlackFideId "2297620"]
[WhiteElo "2835"]
[BlackElo "2563"]
[Result "0-1"]
[Round "02"]
[TimeControl "180+1"]
[Date "2022.12.14"]
[WhiteClock "0:00:03"]
[BlackClock "0:00:49"]

1. f4 d5 2. Nf3 Nf6 3. g3 c6 4. Bg2 Qb6 5. e3 Bg4 6. h3 Bxf3 7. Qxf3 Nbd7 8. d3 e5 9. Nc3 Bd6 10. fxe5 Nxe5 11. Qf2 h5 12. Bd2 h4 13. g4 Nxd3+ 14. cxd3 Bg3 15. Qxg3 hxg3 16. O-O-O O-O-O 17. Ne2 Rhe8 18. Nd4 Nd7 19. Rhf1 Ne5 20. Bc3 Qa6 21. Kc2 f6 22. Nb3 Ng6 23. Nc5 Qb6 24. Bd4 Qc7 25. g5 Nh4 26. Bf3 g2 27. Bg4+ Kb8 28. Rg1 f5 29. Bh5 g6 30. Be2 Qg3 31. Kd2 b6 32. Nb3 c5 0-1


[Site "https://www.chess.com"]

[Event "Titled Tuesday Blitz December 13 Late 2022"]
[White "Goroshkov, Maksym"]
[Black "Grigoriants, Sergey"]
[WhiteFideId "14142716"]
[BlackFideId "4130804"]
[WhiteElo "2258"]
[BlackElo "2502"]
[Result "0-1"]
[Round "02"]
[TimeControl "180+1"]
[Date "2022.12.13"]
[WhiteClock "0:00:16"]
[BlackClock "0:00:29"]

1. e4 c5 2. c3 d5 3. exd5 Qxd5 4. d4 Nf6 5. Nf3 e6 6. Be2 cxd4 7. cxd4 Nc6 8. Nc3 Qd6 9. O-O Be7 10. Be3 O-O 11. Qd2 b6 12. Nb5 Qd8 13. Ne5 Bb7 14. Bf3 Nd5 15. Nxc6 Bxc6 16. Nc3 Qd7 17. Rac1 Bf6 18. Ne4 Be7 19. Nc3 Rac8 20. h3 Rfd8 21. Rfd1 h6 22. Ne2 Bb5 23. Nc3 Nxc3 24. bxc3 Bc4 25. Be2 Qd5 26. Bxc4 Rxc4 27. Qd3 b5 28. Rb1 a6 29. Rb3 Rdc8 30. Ra1 Ra4 31. Qd2 Bd6 32. Rc1 Rac4 33. Qe1 Bc7 34. Rb4 Qd6 35. Rxc4 Qh2+ 36. Kf1 bxc4 37. Rb1 Qh1+ 38. Ke2 Qxg2 39. Qh1 Qxh1 40. Rxh1 Rb8 41. Rd1 Rb2+ 42. Rd2 Rxd2+ 43. Kxd2 Kf8 44. Kc2 Ke7 45. Kb2 Bd6 46. a4 Kd7 47. Kc2 Kc6 48. Kd2 Kd5 49. Ke2 Ke4 50. f3+ Kd5 51. Kf2 Bc7 52. Ke2 g5 53. Kf2 Bf4 54. Bxf4 gxf4 55. Ke2 f6 56. Kd2 e5 57. dxe5 fxe5 58. Ke2 e4 59. h4 e3 60. Ke1 Kc6 61. h5 Kb6 62. Kd1 Ka5 63. Kc2 Kxa4 64. Kb2 e2 65. Kc2 e1=Q 66. Kb2 Qd2+ 67. Ka1 Kb3 68. Kb1 Qd1# 0-1


[Site "https://www.chess.com"]

[Event "Titled Tuesday Blitz December 13 Late 2022"]
[White "Gritsenko, Nikolai"]
[Black "Adury, Anant"]
[WhiteFideId "14112493"]
[BlackFideId "30964687"]
[WhiteElo "2389"]
[BlackElo "2167"]
[Result "1/2-1/2"]
[Round "02"]
[TimeControl "180+1"]
[Date "2022.12.14"]
[WhiteClock "0:01:10"]
[BlackClock "0:01:58"]

1. d4 d6 2. e4 Nf6 3. Nc3 e5 4. Nf3 Nc6 5. dxe5 Nxe5 6. Nxe5 dxe5 7. Qxd8+ Kxd8 8. Bc4 Bb4 9. Bd2 Ke7 10. O-O-O Be6 11. Bxe6 Kxe6 12. f3 Bxc3 13. Bxc3 Rhd8 14. Rxd8 Rxd8 15. Rd1 Rxd1+ 16. Kxd1 c5 17. a4 b6 18. Ke2 a6 19. Kd3 Kd6 20. Bd2 Nd7 21. c4 a5 22. g3 Ke6 23. Bg5 f6 24. Be3 Nb8 25. f4 g6 26. fxe5 fxe5 27. Bg5 Nc6 1/2-1/2


[Site "https://www.chess.com"]

[Event "Titled Tuesday Blitz December 13 Late 2022"]
[White "Grot, Blazej"]
[Black "Bilan, Danila"]
[WhiteFideId "21835845"]
[BlackFideId "24161918"]
[WhiteElo "1823"]
[BlackElo "2182"]
[Result "1-0"]
[Round "02"]
[TimeControl "180+1"]
[Date "2022.12.14"]
[WhiteClock "0:00:20"]
[BlackClock "0:00:02"]

1. e4 c6 2. Nc3 d5 3. Qe2 d4 4. Nd1 e5 5. d3 Nf6 6. g3 Bb4+ 7. Bd2 Qe7 8. Bg2 O-O 9. h3 Nbd7 10. f4 Bxd2+ 11. Qxd2 exf4 12. gxf4 Nd5 13. Nf3 c5 14. O-O Nb4 15. a3 Nc6 16. Nf2 Nf6 17. Rae1 Nh5 18. Kh2 Bd7 19. f5 Ne5 20. Ng4 f6 21. b4 b6 22. c3 Qd6 23. Ngxe5 fxe5 24. bxc5 bxc5 25. cxd4 cxd4 26. Qb4 Qxb4 27. axb4 Rfe8 28. Ra1 Nf4 29. Rfd1 Bb5 30. Bf1 a6 31. Kg3 Kf7 32. Nxe5+ Rxe5 33. Kxf4 Re7 34. Rdc1 g6 35. Rc5 gxf5 36. Rxf5+ Kg7 37. Be2 Bd7 38. Rg1+ Kh8 39. Rf6 Rae8 40. Bh5 Rg8 41. Rxg8+ Kxg8 42. Rxa6 Bxh3 43. e5 Bf1 44. Ke4 Bg2+ 45. Kxd4 Rd7+ 46. Ke3 Bf1 47. Rd6 Rxd6 48. exd6 Bg2 49. d7 1-0


[Site "https://www.chess.com"]